 Dungeon Crawl Stone Soup version 0.18-a0-401-g4081cbf (webtiles) character file.

49884 ololoev the Gouger (level 14, -2/51 HPs)
             Began as a Felid Wizard on Nov 27, 2015.
             Was an Elder of Sif Muna.
             Killed by a magical explosion (34 damage)
             ... on level 12 of the Dungeon on Nov 30, 2015.
             The game lasted 03:25:08 (38767 turns).

ololoev the Gouger (Felid Wizard)                  Turns: 38767, Time: 03:25:08

Health: -2/51      AC:  3    Str:  5    XL:     14   Next: 17%
Magic:  26/28      EV: 22    Int: 27    God:    Sif Muna [****..]
Gold:   589        SH:  0    Dex: 11    Spells: 2 memorised, 23 levels left
                                        Lives:  0   Deaths: 3

rFire  . . .     SeeInvis +       - Unarmed
rCold  + . .     Clarity  .     (armour unavailable)
rNeg   . . .     SustAt   .     (shield unavailable)
rPois  +         Gourm    .     (helmet unavailable)
rElec  +         Spirit   .     (cloak unavailable)
rCorr  .         Dsmss    .     (gloves unavailable)
rMut   .         Stasis   .     (boots unavailable)
MR     ++...                    (no amulet)
Stlth  +++.......               (no ring)
                                c - +3 ring of strength

@: impossibly contaminated, glowing, repel missiles, drained, quick, very
resistant to hostile enchantments, fairly stealthy
A: no armour, no weapons or thrown items, antennae 1, claws 1, fangs 3, see
invisible, carnivore 3, clumsy 2, speed 1, frail 2, poison resistance, shaggy
fur 3, electricity resistance, slow metabolism 1, wild magic 1, evolution 1,
MP-powered wands, sharp paws
a: Channel Energy, Forget Spell, Renounce Religion


Innate Abilities, Weirdness & Mutations

You cannot wear armour.
You are incapable of wielding weapons or throwing items.
You have sharp claws.
You have razor-sharp teeth.
You have supernaturally acute eyesight.
You are carnivorous and can eat meat at any time.
You cover ground quickly.
Your thick and shaggy fur keeps you warm (AC +3, rC+).
You have a slow metabolism.
Your sharp claws are effective at attacking unaware monsters.
You have a pair of small antennae on your head.
You are very clumsy. (Dex -4)
You are very frail (-20% HP).
Your system is resistant to poisons.
You are resistant to electric shocks.
Your spells are a little harder to cast, but a little more powerful.
You evolve.
You expend magic power (3 MP) to strengthen your wands.

Inventory:

Jewellery
 c - a +3 ring of strength (left paw)
 m - the amulet of Vuqub {Regen+ Int+4}
   (You bought it in a shop on level 4 of the Orcish Mines)

   [amulet of regeneration]

   It affects your intelligence (+4).
   It increases your rate of regeneration.
 w - an uncursed ring of magical power
 x - the ring "Mydyneosta" {+/*Tele rC+ MR+ MP-9 SInv}
   (You took it off a minotaur in a labyrinth)

   [ring of teleportation]

   It may teleport you to nearby monsters, and can be evoked to randomly
   teleport.
   It protects you from cold.
   It affects your resistance to hostile enchantments.
   It affects your magic capacity (-9).
   It lets you see invisible.
 A - an uncursed ring of protection from fire
 G - an uncursed ring of wizardry
 O - an uncursed ring of flight
 P - an uncursed amulet of dismissal
Wands
 d - a wand of fire (2)
 E - a wand of confusion (27)
 K - a wand of digging (13)
Scrolls
 a - 2 scrolls of fog
 e - 15 scrolls of remove curse
 h - 3 scrolls of blinking
 p - 6 scrolls of immolation
 s - 6 scrolls of teleportation
 u - 2 scrolls of magic mapping
 y - a scroll of amnesia
 z - 2 scrolls of fear
 N - 4 scrolls of identify
Potions
 i - 9 potions of heal wounds
 k - 4 potions of berserk rage
 o - 2 potions of ambrosia
 q - 5 potions of resistance
 t - a potion of lignification
 v - 5 potions of curing
 B - 4 potions of brilliance
 C - 3 potions of agility
 F - a potion of magic
 I - a potion of might
Miscellaneous
 g - a box of beasts
 j - a phantom mirror
 l - a fan of gales
 H - a box of beasts
 L - a lamp of fire
Comestibles
 b - 16 meat rations
 f - 7 royal jellies
 n - 5 beef jerkies
 D - 2 slices of pizza


   Skills:
 + Level 9.0(8.2) Fighting
 + Level 11.6(10.8) Dodging
 + Level 13.1(12.3) Stealth
 * Level 13.2(12.4) Unarmed Combat
 + Level 9.2(8.4) Spellcasting
 * Level 10.1(9.4) Conjurations
   Level 11.0(10.2) Hexes
   Level 3.7(3.0) Summonings
   Level 1.5(0.9) Translocations
 - Level 2.5(1.8) Air Magic
 * Level 8.0(7.2) Earth Magic
   Level 2.4(1.8) Poison Magic
 - Level 8.0(7.2) Invocations
 - Level 6.6(5.9) Evocations


You had 23 spell levels left.
You knew the following spells:

 Your Spells              Type           Power        Failure   Level  Hunger
h - Stoneskin             Trmt/Erth      #####...     5%          2    None
i - Freezing Cloud        Conj/Ice/Air   #####.....   99%         6    ######.


You were on level 12 of the Dungeon.
You worshipped Sif Muna.
Sif Muna was greatly pleased with you.
You were full.

You visited 4 branches of the dungeon, and saw 29 of its levels.
You also visited: Labyrinth, Ice Cave and Volcano.

You collected 2849 gold pieces.
You spent 2260 gold pieces at shops.

#..<.....# #.....[.# #######'##
#.......# #.# #.......# ##?#
#####..## ####### #..# #####.###
......# #.## ###......<# ......#
####'#####.'.[.....# ......#
#...)...##.#.......#
......#######...@...#..#.......#
......'>...##.......#.##..[....##
.^....####..'.....[.#.##.......'.
......# ####.......#.##.......#.
......# #.......#.##.......##
......# #.......'.##.......#
......# #.......####.......#
##'#### #.......# #.......# #.#
####'###### ##'######

Notes
Turn   | Place    | Note
--------------------------------------------------------------
     0 | D:1      | ololoev the Felid Wizard began the quest for the Orb.
     0 | D:1      | Reached XP level 1. HP: 7/7 MP: 5/5
   306 | D:1      | Reached XP level 2. HP: 7/11 MP: 0/7
   383 | D:1      | Learned a level 2 spell: Call Imp
   386 | D:1      | Learned a level 2 spell: Repel Missiles
   497 | D:1      | Reached skill level 1 in Unarmed Combat
  1188 | D:2      | Noticed Crazy Yiuf
  1260 | D:2      | Found a shadowy altar of Dithmenos.
  1260 | D:2      | Found a sacrificial altar of Ru.
  1261 | D:2      | Found a basalt altar of Yredelemnul.
  1369 | D:2      | Reached XP level 3. HP: 14/14 MP: 8/8
  1426 | D:2      | Noticed Terence
  1434 | D:2      | Learned a level 3 spell: Mephitic Cloud
  1446 | D:2      | Killed Terence
  2068 | D:2      | Reached XP level 4. HP: 18/18 MP: 2/10
  2076 | D:2      | Found an iron altar of Okawaru.
  2295 | D:2      | Reached skill level 1 in Conjurations
  2550 | D:2      | Noticed Ijyb
  2571 | D:2      | Killed Ijyb
  2882 | D:2      | Killed Crazy Yiuf
  2882 | D:2      | Reached skill level 1 in Air Magic
  2882 | D:2      | Reached skill level 1 in Poison Magic
  2882 | D:2      | Reached XP level 5. HP: 17/21 MP: 7/11
  3056 | D:3      | Found a shattered altar of Ashenzari.
  3102 | D:3      | Learned a level 3 spell: Conjure Flame
  3129 | D:3      | Noticed Jessica
  3152 | D:3      | Killed Jessica
  3264 | D:3      | Noticed Blork the orc
  3269 | D:3      | Killed Blork the orc
  3273 | D:3      | Found a deep blue altar of Sif Muna.
  3281 | D:3      | Became a worshipper of Sif Muna the Loreminder
  3418 | D:3      | Noticed Grinder
  3725 | D:4      | Reached skill level 4 in Stealth
  3725 | D:4      | Gained mutation: You are covered in thick fur (AC +2). [Felid growth]
  3725 | D:4      | Reached XP level 6. HP: 21/24 MP: 8/12
  3785 | D:4      | Found a sacrificial altar of Ru.
  4120 | D:4      | Found a stormy altar of Qazlal.
  4521 | D:5      | Entered Level 5 of the Dungeon
  4728 | D:5      | Reached skill level 1 in Invocations
  4728 | D:5      | Reached XP level 7. HP: 27/27 MP: 13/13
  5093 | D:5      | Found a snail-covered altar of Cheibriados.
  5677 | D:5      | Reached * piety under Sif Muna
  5687 | D:5      | Reached skill level 1 in Evocations
  5872 | D:6      | Learned a level 2 spell: Slow
  5894 | D:6      | Found a blossoming altar of Fedhas.
  6158 | D:6      | Reached skill level 5 in Stealth
  6158 | D:6      | Reached skill level 1 in Hexes
  6219 | D:6      | Reached XP level 8. HP: 16/31 MP: 10/15
  6421 | D:6      | HP: 1/31 [centaur/arrow (14)]
  6830 | D:6      | Found a radiant altar of Vehumet.
  6970 | D:6      | Found a deep blue altar of Sif Muna.
  7278 | D:6      | Got a bone short sword {speed}
  7332 | D:6      | Found a staircase to the Ecumenical Temple.
  7451 | D:6      | Found a snail-covered altar of Cheibriados.
  8094 | D:7      | Reached skill level 5 in Unarmed Combat
  8151 | D:7      | Reached XP level 9. HP: 34/34 MP: 16/16
  8158 | D:7      | Reached ** piety under Sif Muna
  8206 | D:7      | Reached skill level 5 in Hexes
  8383 | D:7      | Found a radiant altar of Vehumet.
  8442 | D:7      | Reached skill level 1 in Fighting
  9097 | D:8      | Found a shimmering altar of Xom.
  9220 | D:8      | Reached skill level 6 in Stealth
  9491 | D:8      | Reached skill level 5 in Evocations
 10049 | D:8      | Reached skill level 7 in Hexes
 10221 | D:8      | HP: 1/36 [polar bear (30)]
 10221 | D:8      | Slain by a polar bear
 10222 | D:8      | Reached XP level 8. HP: 0/33 MP: 15/25
 10255 | D:8      | Found a bloodstained altar of Trog.
 10305 | D:8      | Reached skill level 5 in Spellcasting
 10366 | D:8      | Reached XP level 9. HP: 29/36 MP: 17/17
 10696 | D:8      | Found an ancient bone altar of Kikubaaqudgha.
 10957 | D:9      | Reached skill level 8 in Hexes
 11101 | D:9      | Found a white marble altar of Elyvilon.
 11338 | D:9      | Found a staircase to the Lair.
 11339 | D:9      | Noticed an elephant
 12213 | D:10     | Entered Level 10 of the Dungeon
 12752 | D:10     | Reached skill level 5 in Dodging
 12813 | D:10     | Reached XP level 10. HP: 35/42 MP: 19/19
 12834 | D:10     | Reached skill level 9 in Hexes
 12860 | D:10     | Reached *** piety under Sif Muna
 13112 | D:10     | Noticed Maurice
 13298 | D:10     | Killed Maurice
 13363 | D:10     | Reached skill level 5 in Invocations
 13456 | D:10     | Killed an elephant
 13456 | D:10     | Reached skill level 10 in Hexes
 13493 | D:10     | Reached XP level 11. HP: 46/46 MP: 8/21
 13618 | D:10     | Found a staircase to the Orcish Mines.
 14090 | Orc:1    | Entered Level 1 of the Orcish Mines
 14144 | Orc:1    | Found a dark tunnel.
 14150 | Volcano  | Entered a volcano
 14307 | Volcano  | Found a burning altar of Makhleb.
 14307 | Volcano  | Noticed Harold
 14351 | Volcano  | Killed Harold
 14968 | Orc:1    | Found Vitreatu's Quality Used Wands.
 15732 | Orc:2    | Reached skill level 5 in Fighting
 15732 | Orc:2    | Reached skill level 11 in Hexes
 15818 | Orc:3    | Found Ypaixkog's Weapon Boutique.
 15926 | Orc:3    | Upgraded the game from 0.18-a0-316-gf882de5 to 0.18-a0-401-g4081cbf
 15952 | Orc:3    | Found a frozen archway.
 15965 | Orc:3    | Noticed Maud
 16013 | Orc:3    | Killed Maud
 16013 | Orc:3    | Reached **** piety under Sif Muna
 16034 | IceCv    | Entered an ice cave
 17049 | Orc:4    | Entered Level 4 of the Orcish Mines
 17253 | Orc:4    | Found a staircase to the Elven Halls.
 17321 | Orc:4    | Noticed Snorg
 17346 | Orc:4    | Killed Snorg
 17462 | Orc:4    | Gained mutation: Your thick and shaggy fur keeps you warm (AC +3, rC+). [Felid growth]
 17462 | Orc:4    | Reached XP level 12. HP: 51/51 MP: 23/23
 17573 | Orc:4    | Drew Focus: Int increased to 24, Str decreased to 3
 18354 | Orc:4    | Noticed an orc warlord
 18354 | Orc:4    | Paralysed by an orc sorcerer for 6 turns
 18376 | Orc:4    | Drew Focus: Int increased to 25, Str decreased to 2
 18524 | Orc:4    | Drew Focus: Int increased to 26, Str decreased to 1
 18695 | Orc:4    | Found a roughly hewn altar of Beogh.
 18819 | Orc:4    | Killed an orc warlord
 18987 | Orc:4    | Reached skill level 5 in Conjurations
 19037 | Orc:4    | Reached skill level 10 in Stealth
 19158 | Orc:4    | Found Syqydghu's General Store.
 19171 | Orc:4    | Reached skill level 10 in Unarmed Combat
 19336 | Orc:4    | Found Kusying's Jewellery Boutique.
 19348 | Orc:4    | Found Tiuroass's Antique Armour Boutique.
 19377 | Orc:4    | Found Ussypn's Antique Weapon Boutique.
 19400 | Orc:4    | Bought a potion of heal wounds for 70 gold pieces
 19400 | Orc:4    | Bought a potion of might for 56 gold pieces
 19400 | Orc:4    | Bought a scroll of vulnerability for 105 gold pieces
 19400 | Orc:4    | Bought a fan of gales for 560 gold pieces
 19433 | Orc:4    | Bought the amulet of Vuqub {Regen+ Int+4} for 726 gold pieces
 20425 | D:11     | Reached ***** piety under Sif Muna
 20462 | D:11     | Found a shadowy altar of Dithmenos.
 20644 | D:11     | Noticed a five-headed hydra
 20669 | D:11     | Killed a five-headed hydra
 21052 | D:12     | Got an ichor-stained ring mail
 21068 | D:12     | Reached XP level 13. HP: 57/57 MP: 25/25
 21087 | D:12     | Found a labyrinth entrance.
 21112 | Lab      | Entered a labyrinth
 21402 | Lab      | Got a shimmering tin ring
 21413 | Lab      | Identified the ring "Mydyneosta" {+/*Tele rC+ MR+ MP-9 SInv} (You took it off a minotaur in a labyrinth)
 21433 | Lab      | Identified the Grimoire of Ashen Sinister Arts (You found it in a labyrinth)
 21442 | Lab      | Learned a level 6 spell: Iron Shot
 21443 | Lab      | Identified the Tome of the Mountains (You found it in a labyrinth)
 21448 | Lab      | Learned a level 2 spell: Stoneskin
 21570 | D:12     | Noticed Sonja
 21608 | D:12     | Killed Sonja
 21681 | D:12     | Found Hatim's Magic Scroll Emporium.
 21687 | D:12     | Bought a scroll of teleportation for 33 gold pieces
 21687 | D:12     | Bought a scroll of identify for 22 gold pieces
 21687 | D:12     | Bought a scroll of identify for 22 gold pieces
 21687 | D:12     | Bought a scroll of identify for 22 gold pieces
 21687 | D:12     | Bought a scroll of identify for 22 gold pieces
 21687 | D:12     | Bought 3 scrolls of identify for 66 gold pieces
 21687 | D:12     | Bought a scroll of immolation for 38 gold pieces
 21687 | D:12     | Bought a scroll of immolation for 38 gold pieces
 21692 | D:12     | Identified the +2 short sword "Qyirghidgh" {speed, *Drain rF+ Str+4} (You took it off an orc wizard on level 6 of the Dungeon)
 21693 | D:12     | Identified the +8 ring mail of Sif Muna's Castigation {Regen+ Str-3 Int+3} (You found it on level 12 of the Dungeon)
 21775 | D:12     | Noticed Fannar
 21824 | D:12     | Killed Fannar
 21972 | D:12     | Reached skill level 1 in Earth Magic
 22595 | D:13     | Noticed Erolcha
 22616 | D:13     | Killed Erolcha
 24310 | D:14     | Found a gate to the Vaults.
 24614 | D:14     | Gained mutation: You have a pair of small antennae on your head. [mutagenic meat]
 24742 | D:13     | Gained mutation: You expend magic power (3 MP) to strengthen your wands. [mutagenic meat]
 24743 | D:13     | Gained mutation: Your system is resistant to poisons. [mutagenic meat]
 24744 | D:13     | Gained mutation: You evolve. [mutagenic meat]
 24968 | Lair:1   | Entered Level 1 of the Lair of Beasts
 25949 | Lair:2   | Reached ****** piety under Sif Muna
 25949 | Lair:2   | Received a gift from Sif Muna
 25949 | Lair:2   | Reached XP level 14. HP: 29/61 MP: 19/26
 25952 | Lair:2   | Identified Sif Muna's Papyrus of Gliding Attacks (Sif Muna gifted it to you on level 2 of the Lair of Beasts)
 25960 | Lair:2   | Learned a level 6 spell: Freezing Cloud
 27240 | Lair:3   | Gained mutation: You are resistant to electric shocks. [evolution]
 28040 | Lair:4   | Reached skill level 5 in Earth Magic
 28042 | Lair:4   | Reached skill level 10 in Dodging
 29509 | Lair:5   | Found a hole to the Spider Nest.
 29699 | Lair:5   | Reached skill level 12 in Unarmed Combat
 30668 | Lair:6   | Found a staircase to the Swamp.
 31387 | Lair:7   | Gained mutation: You are frail (-10% HP). [evolution]
 31898 | Lair:8   | Entered Level 8 of the Lair of Beasts
 31995 | Lair:7   | Reached XP level 15. HP: 28/59 MP: 27/28
 32064 | Lair:8   | Found a staircase to the Slime Pits.
 32064 | Lair:8   | Found a viscous altar of Jiyva.
 32202 | Lair:8   | Found a white marble altar of Elyvilon.
 32420 | Lair:8   | Received a gift from Sif Muna
 32428 | Lair:8   | Identified Huostral's Volume of Creative Orientation (Sif Muna gifted it to you on level 8 of the Lair of Beasts)
 32434 | Lair:8   | Learned a level 3 spell: Gell's Gravitas
 34732 | D:15     | Entered Level 15 of the Dungeon
 34926 | D:15     | Noticed Rupert
 34998 | D:15     | Killed Rupert
 35467 | D:15     | Reached skill level 13 in Unarmed Combat
 35604 | D:15     | Gained mutation: Your spells are a little harder to cast, but a little more powerful. [evolution]
 35884 | D:15     | Found a staircase to the Depths.
 36582 | Spider:1 | Entered Level 1 of the Spider Nest
 36806 | Spider:1 | Slain by a wolf spider
 36807 | Spider:1 | Reached XP level 14. HP: -5/56 MP: 8/37
 36825 | Spider:1 | Reached skill level 10 in Conjurations
 37172 | Spider:1 | Noticed Asterion
 37230 | Spider:1 | Slain by Asterion
 37231 | Spider:1 | Reached XP level 13. HP: -2/54 MP: 5/36
 37249 | Spider:1 | Killed Asterion
 37249 | Spider:1 | Reached XP level 14. HP: 56/56 MP: 10/28
 37568 | Spider:2 | HP: 2/57 [wolf spider (9)]
 38280 | Orc:4    | Bought an uncursed amulet of dismissal for 480 gold pieces
 38448 | D:10     | Gained mutation: Your spells are harder to cast, but more powerful. [evolution]
 38508 | D:12     | Gained mutation: You are clumsy. (Dex -2) [potion of mutation]
 38508 | D:12     | Lost mutation: Your spells are harder to cast, but more powerful. [potion of mutation]
 38625 | D:12     | Gained mutation: You are very frail (-20% HP). [mutagenic glow]
 38725 | D:12     | Gained mutation: You are very clumsy. (Dex -4) [mutagenic glow]
 38767 | D:12     | Killed by a magical explosion

Dungeon Overview and Level Annotations

Branches:
Dungeon (15/15)            Temple (0/1) D:6            Lair (8/8) D:9
  Swamp (0/4) Lair:6       Spider (2/4) Lair:5        Slime (0/6) Lair:8
    Orc (4/4) D:10            Elf (0/3) Orc:4        Vaults (0/5) D:14
 Depths (0/5) D:15

Altars:
Ashenzari
Cheibriados
Dithmenos
Elyvilon
Fedhas
Kikubaaqudgha
Okawaru
Qazlal
Ru
Sif Muna
Trog
Vehumet
Xom
Yredelemnul
Beogh
Jiyva

Shops:
Orc:1 }   Orc:3 (   Orc:4 *[(=

Annotations:
D:3 Grinder
Lair:1 exclusion: oklob plant


Message History

The amulet's energy floods into your body!
Put on which piece of jewellery? (? for menu, Esc to quit)
Really put on
P - an uncursed amulet of dismissal?
You feel a field of translocational energy surge around you.
P - an amulet of dismissal (around neck) Put on which piece of jewellery? (? for menu, Esc to quit)
Really remove
P - an amulet of dismissal?
You remove your amulet of dismissal.
The amulet's energy floods into your body!
You feel more contaminated with magical energies.
Put on which piece of jewellery? (? for menu, Esc to quit)
Really put on
P - an uncursed amulet of dismissal?
You feel a field of translocational energy surge around you.
P - an amulet of dismissal (around neck) Put on which piece of jewellery? (? for menu, Esc to quit)
Really remove
P - an amulet of dismissal?
You remove your amulet of dismissal.
The amulet's energy floods into your body!
Put on which piece of jewellery? (? for menu, Esc to quit)
Really put on
P - an uncursed amulet of dismissal?
You feel a field of translocational energy surge around you.
P - an amulet of dismissal (around neck) Put on which piece of jewellery? (? for menu, Esc to quit)
Really remove
P - an amulet of dismissal?
You remove your amulet of dismissal.
The amulet's energy floods into your body!
Put on which piece of jewellery? (? for menu, Esc to quit)
Really put on
P - an uncursed amulet of dismissal?
You feel a field of translocational energy surge around you.
P - an amulet of dismissal (around neck) Put on which piece of jewellery? (? for menu, Esc to quit)
Really remove
P - an amulet of dismissal?
You remove your amulet of dismissal.
The amulet's energy floods into your body!
You feel more contaminated with magical energies.
You start resting.
Your body shudders with the violent release of wild energies!
The magical storm engulfs you!
You feel drained.
Ouch! That really hurt!
You die...

There were no monsters in sight!

Vanquished Creatures
  Rupert (D:15)
  Asterion (Spider:1)
  Maud (Orc:3)
  An orc warlord (Orc:4)
  5 dire elephants (Lair:8)
  Snorg (Orc:4)
  A yaktaur captain (D:15)
  A minotaur (Lab)
  Fannar (D:12)
  Harold (Volcano)
  Erolcha (D:13)
  15 hydras
  4 centaur warriors (D:15)
  An anaconda (Lair:8)
  2 dancing weapons (D:14)
  An orc high priest (Orc:4)
  8 death yaks
  2 tengu warriors (D:14)
  Sonja (D:12)
  A fire crab (Lair:7)
  A swamp dragon (Lair:6)
  2 unseen horrors
  5 orc knights
  5 hill giants
  A griffon (Lair:3)
  5 ugly things (D:14)
  2 hornets (Spider:1)
  8 black mambas
  3 orc sorcerers (Orc:4)
  8 elephants
  2 cyclopes
  3 wolf spiders (Spider:1)
  3 centaur zombies
  A moth of wrath (Spider:1)
  2 manticores
  2 molten gargoyles (Volcano)
  Maurice (D:10)
  13 spiny frogs
  A yaktaur (D:15)
  2 gargoyles (Lab)
  A kobold demonologist (D:14)
  A yaktaur (shapeshifter) (D:14)
  A demonic crawler (Lair:5)
  8 trolls
  A queen bee (D:13)
  2 fire drakes
  12 komodo dragons
  2 jumping spiders (Spider:1)
  2 tengu conjurers (D:14)
  4 polar bears
  3 two-headed ogres
  A hornet zombie (D:15)
  24 blink frogs
  3 wyverns
  3 trapdoor spiders (Spider:1)
  12 redbacks
  6 tarantellas
  2 spriggans
  71 yaks
  14 vampire mosquitoes
  3 basilisks
  3 wraiths
  16 hippogriffs
  2 deep elf magi
  A mottled dragon (D:12)
  A hungry ghost (D:10)
  A steam dragon (Lair:4)
  A warg (Orc:4)
  14 water moccasins
  14 wolves
  16 porcupines
  4 black bears
  A necrophage (D:10)
  2 phantoms
  2 ice beasts
  24 orc warriors
  3 sky beasts
  24 centaurs
  13 ogres
  20 crocodiles
  21 giant frogs
  Blork the orc (D:3)
  A wyvern zombie (D:15)
  5 scorpions
  5 electric eels
  20 killer bees
  8 wights
  2 lava snakes (Volcano)
  10 jellies
  3 giant frog skeletons
  2 quasits
  9 crimson imps
  8 hounds
  Crazy Yiuf (D:2)
  4 centaur skeletons
  2 giant frog zombies
  23 orc priests
  Ijyb (D:2)
  Jessica (D:3)
  7 iguanas
  Terence (D:2)
  26 orc wizards
  12 worker ants
  13 sheep
  A hound zombie (D:10)
  A centaur simulacrum (D:8)
  57 river rats
  A hound simulacrum (D:8)
  4 shadow imps
  11 adders
  An ufetubus (D:8)
  An ooze (D:2)
  3 adder skeletons
  4 worms
  6 giant geckos
  118 orcs
  7 bats
  6 giant cockroaches
  9 goblins
  19 hobgoblins
  A quokka (D:4)
  2 ball pythons (D:2)
  4 giant newts
  7 jackals
  A jackal zombie (D:5)
  5 kobolds
  7 rats (D:1)
  A fungus (Lair:8)
  2 plants (Lair:8)
923 creatures vanquished.

Vanquished Creatures (collateral kills)
  A polar bear (D:8)
  A tarantella (Spider:1)
  A water elemental (D:11)
  An ice beast (D:6)
  A swamp drake (D:10)
  An ogre (D:8)
  A necrophage (D:5)
  A phantom (D:6)
  A centaur (D:6)
  A big kobold (D:14)
  A lava snake (Volcano)
  A crimson imp (D:8)
  A jelly (D:6)
  A quasit (D:8)
  2 orc wizards (D:10)
  An orc priest (D:10)
  An adder (D:2)
  3 white imps (D:8)
  A shadow imp (D:5)
  6 orcs
28 creatures vanquished.

Vanquished Creatures (others)
  2 polar bears (IceCv)
  3 yaks (IceCv)
  An orc warrior (Orc:4)
  A worker ant (D:14)
  A bush (Lair:8)
  32 fungi
  12 plants
52 creatures vanquished.

Grand Total: 1003 creatures vanquished

Action                   |  1- 3 |  4- 6 |  7- 9 | 10-12 | 13-15 || total
-------------------------+-------+-------+-------+-------+-------++-------
Melee: Unarmed           |    78 |   109 |   406 |   616 |  1221 ||  2430
 Cast: Magic Dart        |    48 |    13 |    60 |    71 |    52 ||   244
       Repel Missiles    |     1 |       |       |     1 |     1 ||     3
       Mephitic Cloud    |     3 |     7 |    73 |   156 |   209 ||   448
       Call Imp          |     1 |       |    46 |    15 |     3 ||    65
       Conjure Flame     |       |     7 |    23 |     9 |    60 ||    99
       Slow              |       |       |     9 |     8 |    75 ||    92
       Stoneskin         |       |       |       |       |     2 ||     2
       Iron Shot         |       |       |       |       |   104 ||   104
       Gell's Gravitas   |       |       |       |       |     1 ||     1
Invok: Channel Energy    |       |       |    12 |    17 |   165 ||   194
       Forget Spell      |       |       |       |       |     7 ||     7
 Abil: Evoke Invisibilit |       |       |    13 |    21 |    24 ||    58
Evoke: Deck              |       |       |       |    10 |       ||    10
       Wand              |       |       |       |    12 |       ||    12
       Fan of gales      |       |       |       |       |     1 ||     1
  Use: Scroll            |       |       |     8 |    14 |    18 ||    40
       Potion            |       |       |       |     4 |    12 ||    16
 Stab: Sleeping          |     5 |    14 |    30 |    50 |    87 ||   186
       Confused          |     1 |     6 |    39 |    75 |   124 ||   245
       Distracted        |       |     1 |     1 |     1 |     5 ||     8
       Invisible         |       |       |     7 |    17 |    18 ||    42
       Paralysed         |       |       |       |     3 |       ||     3
  Eat: Chunk             |     9 |     7 |    32 |    36 |   101 ||   185
       Royal jelly       |       |       |       |       |     2 ||     2

Vault maps used:
D:1:      dpeg_arrival_short_road, serial_forest,
          infiniplex_forest_clump_curved, infiniplex_forest_lined_room_2,
          infiniplex_forest_zigzag_1, infiniplex_forest_corner_1,
          infiniplex_forest_clump_long, infiniplex_forest_lined_3,
          infiniplex_forest_clump_large
D:2:      gammafunk_temple_overflow_forgotten, nicolae_overflow_hidden_temple,
          first_bread, uniq_iyjb, uniq_terence, uniq_crazy_yiuf_cottage
D:3:      overflow_temple_1_default, tgw_sif, uniq_jessica, uniq_grinder
D:4:      nicolae_qazlal_eye_of_the_storm, nicolae_ru_awakened_eye
D:5:      basic_altar
D:6:      fedhas_bush_and_centaur_altar, lemuel_doored_altar, kennysheep_mini,
          marbit_many_paths, temple_statues
D:7:      basic_altar, st_stairs_9, the_bakery
D:8:      kiku_gazebo_garden_becter, bloody_trog, xom_teletrap_fun, serial_ice,
          serial_ice_k, serial_ice_d, serial_ice_e, serial_ice_n, serial_ice_a,
          serial_ice_f
D:9:      lemuel_round_altar, david_lair_generic, st_stairs_1, minmay_holes
D:10:     erik_orc_1, uniq_maurice
D:11:     nicolae_dithmenos_shadow_blocks
D:12:     serial_shops, shop_statue, lab_entry_generic, uniq_sonja, uniq_fannar
D:13:     special_room, uniq_erolcha
D:14:     erik_vaults_1, roderic_lattice_octagonal_star
D:15:     grunt_enter_depths_snipers, serial_park_tiny_pond, stair_cage_cross,
          uniq_rupert
Lair:1:   gammafunk_lair_bear_cave, minmay_lair_oklob_bushes
Lair:2:   beast_lair_carwin_1, grunt_megastairs_2
Lair:3:   grunt_megastairs_3, infiniplex_staircase_pool_2
Lair:4:   minivault_27, grunt_forest_stairs_clearing
Lair:5:   spider_nest_entry_rubble
Lair:6:   minmay_swamp_entry_reptiles, columned_hall_lemuel, lookout_lair_type,
          serial_bayou_lagoon_a, minivault_27, st_stairs_7
Lair:7:   st_stairs_8
Lair:8:   due_jungle_book, slime_altar_1, st_stairs_11, lemuel_centaur_altar
Spider:1: uniq_asterion
Spider:2: nicolae_spider_ant_collections
Orc:1:    cheibrodos_orc_bank, nicolae_volcano_entry_s_turn,
          nicolae_orc_sculptors_studio, nicolae_for_you_no_charge
Orc:3:    serial_shops, nicolae_shop_stone, portal_ice_cave_entry_pillars_03,
          nicolae_orc_pool_cavern, minmay_orc_keep, uniq_harold, uniq_maud
Orc:4:    grunt_orc_cross, uniq_snorg
Lab:      nicolae_lab_dead_adventurers, labyrinth_skeletal_remains,
          lab_fountain, labyrinth_glass_1, nicolae_lab_swirl,
          nicolae_lab_very_dead_end, nicolae_lab_dead_end, nicolae_lab_grate
IceCv:    ice_cave_caverns_02
Volcano:  volcano_lake
